 Dungeon Sprint DCSS version 0.19.1 (webtiles) character file.

438 dvd the Blocker (level 6, -1/64 HPs)
             Began as a Minotaur Fighter on Dec 22, 2016.
             Was an Initiate of Trog.
             Slain by a yaktaur (15 damage)
             ... in the Dungeon (Sprint II: "The Violet Keep of Menkaure").
             The game lasted 00:01:22 (391 turns).

dvd the Blocker (Minotaur Fighter)                   Turns: 391, Time: 00:01:22

Health: -1/64      AC:  8    Str: 20    XL:     6   Next: 69%
Magic:  5/5        EV: 10    Int:  5    God:    Trog [......]
Gold:   486        SH: 12    Dex: 12    Spells: 0 memorised, 5 levels left

rFire  . . .     SeeInvis .     a - +0 war axe
rCold  . . .     Gourm    .     b - +0 scale mail
rNeg   . . .     Faith    .     c - +0 shield
rPois  .         Spirit   .     (helmet restricted)
rElec  .         Reflect  .     (no cloak)
rCorr  .         Harm     .     (no gloves)
MR     .....     NoTele   +     (no boots)
Stlth  ..........               (no amulet)
                                (no ring)
                                (no ring)

@: no status effects
A: retaliatory headbutt, horns 2
a: Burn Spellbooks, Renounce Religion


You were in the Dungeon.
You worshipped Trog.
Trog was noncommittal.
You were not hungry.

You visited 1 branch You collected 486 gold pieces.

Inventory:

Hand Weapons
 a - a +0 war axe (weapon)
Armour
 b - a +0 scale mail (worn)
 c - a +0 shield (worn)
Scrolls
 k - a scroll of blinking
Potions
 d - a potion of might
 g - a potion of heal wounds
 h - a potion of haste
 i - 2 potions of magic
Comestibles
 f - a bread ration
 l - 3 chunks of flesh


   Skills:
 + Level 9.6 Fighting
 + Level 7.2 Axes
 + Level 8.9 Armour
 + Level 3.5 Dodging
 + Level 1.1 Stealth
 + Level 10.0 Shields


You had 5 spell levels left.
You didn't know any spells.

Dungeon Overview and Level Annotations

Branches:
Dungeon (1/1)

Altars:
Cheibriados
Dithmenos
Elyvilon
Fedhas
Gozag
Hepliaklqana
Kikubaaqudgha
Makhleb
Nemelex Xobeh
Okawaru
Qazlal
Ru
Sif Muna
Trog
Uskayaw
Vehumet
Xom
Yredelemnul
Zin
The Shining One
Beogh
Jiyva
Lugonu


Innate Abilities, Weirdness & Mutations

You reflexively headbutt those who attack you in melee.
You have a pair of horns on your head.


Message History

You hit the yaktaur.
The yaktaur is lightly wounded.
You block the yaktaur's attack.
Your shield and scale mail prevent you from hitting the yaktaur.
The yaktaur is lightly wounded.
The yaktaur hits you!
You slash the yaktaur!
The yaktaur is heavily wounded.
The yaktaur hits you!
You completely miss the yaktaur.
The yaktaur is heavily wounded.
The yaktaur hits you! You block the yaktaur's attack.
You hit the yaktaur.
The yaktaur is heavily wounded.
The yaktaur hits you!
* * * LOW HITPOINT WARNING * * *
You slash the yaktaur!
The yaktaur is almost dead.
The yaktaur hits you!
You die...

#..# ...# ...# .#####..##
#..# .#▓([?$?)?!▓ '###.##..#
+..# .#▓!?%?!)%=▓ .##.#.#..#
#..# .#▓$((($!??▓
<.÷###'..####..##.#▓??(!$!?$
.##.#.#....###.h.##▓▓▓▓▓▓▓+▓▓
+###.##......≈yhh≈≈≈≈≈≈≈≈≈.
###≈§.÷.§.≈#c########+###
#≈≈≈≈≈≈§..§#.@..._._#≈§≈#
#≈≈§≈≈§≈≈.§#...._._.#t§§≈#
#≈≈≈§§§≈§§§§#..._._._#t§§≈≈
≈≈≈≈≈≈§≈≈≈≈§§#.._._._.#§≈§§§
+++#≈≈§≈≈§§§§#._._._._#§§§§§
##§§≈###§§#_._._._.#§§≈§
#§§#._._._.(#≈≈§§
#§§#.._._...#≈≈§§
§≈≈≈##########§§§§


You could see 3 polar bears, a yaktaur and a hornet.

Vanquished Creatures
  2 hippogriffs (D)
  4 worker ants (D)
6 creatures vanquished.

Vanquished Creatures (others)
  Menkaure (D)
  A crocodile (D)
2 creatures vanquished.

Grand Total: 8 creatures vanquished

Notes
Turn   | Place    | Note
-------+----------+-------------------------------------------
     0 | D        | dvd the Minotaur Fighter began the quest for the Orb.
     0 | D        | Reached XP level 1. HP: 19/19 MP: 0/0
     1 | D        | Noticed a worker ant
     1 | D        | Noticed a worker ant
    13 | D        | Killed a crocodile
    15 | D        | Killed a worker ant
    15 | D        | Reached skill level 5 in Armour
    15 | D        | Reached skill level 5 in Shields
    15 | D        | Reached XP level 2. HP: 17/28 MP: 1/1
    17 | D        | Killed Menkaure
    24 | D        | Reached skill level 5 in Fighting
    24 | D        | Reached skill level 6 in Shields
    24 | D        | Reached XP level 3. HP: 13/36 MP: 2/2
   255 | D        | Reached skill level 1 in Dodging
   255 | D        | Reached XP level 4. HP: 37/44 MP: 3/3
   299 | D        | Noticed a hippogriff
   299 | D        | Noticed a hippogriff
   305 | D        | Killed a hippogriff
   305 | D        | Reached skill level 5 in Axes
   305 | D        | Reached skill level 1 in Stealth
   305 | D        | Reached skill level 9 in Shields
   305 | D        | Reached XP level 5. HP: 56/56 MP: 4/4
   305 | D        | Reached XP level 6. HP: 62/62 MP: 5/5
   308 | D        | Killed a hippogriff
   308 | D        | Reached skill level 10 in Shields
   361 | D        | Found a snail-covered altar of Cheibriados.
   362 | D        | Found a shadowy altar of Dithmenos.
   363 | D        | Found a white marble altar of Elyvilon.
   363 | D        | Found an ancient bone altar of Kikubaaqudgha.
   363 | D        | Found a roughly hewn altar of Beogh.
   363 | D        | Found a viscous altar of Jiyva.
   364 | D        | Found a blossoming altar of Fedhas.
   364 | D        | Found a corrupted altar of Lugonu.
   364 | D        | Found a deep blue altar of Sif Muna.
   365 | D        | Found an opulent altar of Gozag.
   365 | D        | Found a burning altar of Makhleb.
   365 | D        | Found a bloodstained altar of Trog.
   366 | D        | Found a sparkling altar of Nemelex Xobeh.
   366 | D        | Found a hide-covered altar of Uskayaw.
   367 | D        | Found a glowing silver altar of Zin.
   368 | D        | Found an iron altar of Okawaru.
   368 | D        | Found a radiant altar of Vehumet.
   368 | D        | Found a glowing golden altar of the Shining One.
   368 | D        | Found a hazy altar of Hepliaklqana.
   368 | D        | Found a sacrificial altar of Ru.
   368 | D        | Found a basalt altar of Yredelemnul.
   368 | D        | Noticed a hornet
   368 | D        | Noticed a polar bear
   369 | D        | Noticed a polar bear
   369 | D        | Found a stormy altar of Qazlal.
   369 | D        | Found a shimmering altar of Xom.
   369 | D        | Noticed a yaktaur
   370 | D        | Noticed a polar bear
   373 | D        | Noticed a flying skull
   381 | D        | Became a worshipper of Trog the Wrathful
   391 | D        | Slain by a yaktaur

Skill      XL: |  1  2  3  4  5  6 |
---------------+-------------------+-----
Fighting       | 4 5 8 9 |  9.6
Axes           | 3 4 5 7 |  7.2
Armour         | 5 6 8 |  8.9
Shields        | 5 6 9 10 | 10.0
Dodging        | 1 3 |  3.5
Stealth        | 1 |  1.1

Action                   |  1- 3 |  4- 6 || total
-------------------------+-------+-------++-------
Melee: War axe           |    26 |    14 ||    40
       Headbutt          |     6 |     1 ||     7
  Use: Potion            |     1 |     1 ||     2
Armor: Scale mail        |    11 |     3 ||    14
Dodge: Dodged            |     7 |     3 ||    10
Block: Shield            |    20 |    11 ||    31
